 Dungeon Crawl Stone Soup version 0.26-a0-490-gf8362a0c98 (webtiles) character file.

Game seed: 1892093985035506278

854 crimsonTwin the Shield-Bearer (level 7, 66/66 HPs)
             Began as a Troll Fighter on Aug 4, 2020.
             Was an Initiate of Gozag.
             Quit the game in the Ecumenical Temple.
             The game lasted 00:08:54 (3450 turns).

crimsonTwin the Shield-Bearer (Troll Fighter)       Turns: 3450, Time: 00:08:54

Health: 66/66      AC:  6    Str: 25    XL:     7   Next: 70%
Magic:  6/6        EV:  9    Int:  6    God:    Gozag
Gold:   178        SH: 15    Dex:  9    Spells: 6/6 levels left

rFire    . . .     SeeInvis .     - Unarmed
rCold    . . .     Faith    .   b - +0 kite shield
rNeg     . . .     Spirit   .   a - +0 robe
rPois    .         Reflect  +   (helmet restricted)
rElec    .         Harm     .   (no cloak)
rCorr    .                      (gloves unavailable)
MR       .....                  (boots unavailable)
Stlth    ++........             A - amulet of reflection
HPRegen  0.61/turn              x - ring of stealth
MPRegen  0.10/turn              (no ring)

@: no status effects
A: large, unfitting armour, claws 3, regeneration 1, shaggy fur 1, tough skin 3
a: Potion Petition, Call Merchant, Bribe Branch, Renounce Religion


You were in the Ecumenical Temple.
You worshipped Gozag.
Gozag was aware of your devotion.
You visited 2 branches of the dungeon, and saw 6 of its levels.

You collected 283 gold pieces.
You paid 105 gold pieces to Gozag.

Inventory:

Missiles
 j - 83 stones (quivered)
 m - 2 throwing nets
 r - 62 arrows
 s - 20 poisoned darts
 t - 4 boomerangs
Armour
 a - a +0 robe (worn)
 b - a +0 kite shield (worn)
Jewellery
 g - a +4 ring of protection
 x - a ring of stealth (left claw)
 A - an amulet of reflection (around neck)
Wands
 B - a wand of acid (8)
Scrolls
 d - 2 scrolls of noise {unknown}
 i - a scroll of amnesia {unknown}
 k - a scroll of blinking
 l - a scroll of remove curse
 o - a scroll of immolation {unknown}
 q - a scroll of fog {unknown}
 u - 2 scrolls of teleportation
Potions
 c - a potion of might
 e - a potion of magic {unknown}
 f - 2 potions of haste
 h - 2 potions of cancellation
 n - 2 potions of stabbing
 p - a potion of brilliance {unknown}
 v - a potion of lignification {unknown}
 w - a potion of invisibility {unknown}
 z - 2 potions of curing {unknown}


   Skills:
 - Level 2.4 Fighting
 + Level 5.0 Throwing
 - Level 2.4 Dodging
 + Level 5.7 Shields
 - Level 3.0 Unarmed Combat


You had 6 spell levels left.
You didn't know any spells.
Your spell library was empty.

Dungeon Overview and Level Annotations

Branches:
Dungeon (5/15)             Temple (1/1) D:5

Altars:
Ashenzari
Cheibriados
Elyvilon
Fedhas
Gozag
Hepliaklqana
Kikubaaqudgha
Nemelex Xobeh
Okawaru
Qazlal
Ru
Sif Muna
Vehumet
Xom

Annotations:
D:3 exclusion: downstairs


Innate Abilities, Weirdness & Mutations

You are too large for most types of armour.
You have claws for hands.
Your natural rate of healing is unusually fast.
You are covered in fur. (AC +1)
You have extremely tough skin. (AC +3)


Message History

Input macro trigger key: \{27} Input macro action: gggG Created macro '\{27}' => 'gggG'. (m)acro, (M)acro raw, keymap [(k) default, (x) level-map, (t)argeting, (c)onfirm, m(e)nu], (s)ave?
Input macro trigger key: \{27} Current Action: gggG Do you wish to (r)edefine, (c)lear, or (a)bort?
Cleared macro '\{27}' => 'gggG'.
You don't know any spells.
Your library has no spells.
You open the door.
Found a hazy altar of Hepliaklqana.
There is an open door here.
There is an open door here.
You open the door.
Found a sacrificial altar of Ru.
There is an open door here.
There is an opulent altar of Gozag here.
You offer a prayer to Gozag.
Are you sure you want to abandon this character and quit the game? (Confirm with "yes".)

##### ##...## #.....#
### #.._..# ##### ..##
#.....# ##...## ...#
##...## #.....# _..#
###'### #..@..#
...###.....###.....#
..'#.........#'...##
###...........#####
#.....###.....#
##....#####....#######
#....#+...'#....##...##
#...##.....##...#.._..#
'...##..<..##...'.....#


There were no monsters in sight!

Vanquished Creatures
  2 phantoms (D:4)
  2 ogres (D:4)
  2 centaurs
  2 scorpions (D:4)
  A howler monkey (D:4)
  A quasit (D:5)
  An iguana (D:4)
  A worker ant (D:5)
  7 adders
  A shadow imp (D:4)
  5 worms
  2 leopard geckos
  2 orcs
  4 ball pythons
  7 bats
  2 giant cockroaches (D:1)
  5 goblins (D:3)
  4 hobgoblins
  2 jackals (D:1)
  4 kobolds
  2 quokkas
  6 frilled lizards
  A quokka skeleton (D:4)
  2 rats
68 creatures vanquished.

Notes
Turn   | Place    | Note
-------+----------+-------------------------------------------
     0 | D:1      | crimsonTwin the Troll Fighter began the quest for the Orb.
     0 | D:1      | Reached XP level 1. HP: 22/22 MP: 0/0
   221 | D:1      | Reached XP level 2. HP: 28/29 MP: 1/1
  1038 | D:2      | Reached XP level 3. HP: 36/36 MP: 2/2
  1445 | D:3      | Reached skill level 1 in Throwing
  1445 | D:3      | Reached XP level 4. HP: 44/44 MP: 3/3
  1485 | D:3      | Found a shattered altar of Ashenzari.
  1871 | D:3      | Found an ancient bone altar of Kikubaaqudgha.
  1921 | D:3      | Found a sparkling altar of Nemelex Xobeh.
  1922 | D:3      | Found an iron altar of Okawaru.
  2193 | D:4      | Noticed a centaur
  2260 | D:4      | Reached XP level 5. HP: 45/50 MP: 4/4
  2445 | D:4      | Killed a centaur
  2471 | D:4      | Reached XP level 6. HP: 59/59 MP: 5/5
  2500 | D:4      | Found a white marble altar of Elyvilon.
  2558 | D:4      | Found a shimmering altar of Xom.
  2562 | D:4      | Found a shimmering altar of Xom.
  2562 | D:4      | Found a shimmering altar of Xom.
  2562 | D:4      | Found a shimmering altar of Xom.
  2564 | D:4      | Found a shimmering altar of Xom.
  2564 | D:4      | Found a shimmering altar of Xom.
  2567 | D:4      | Found a shimmering altar of Xom.
  2858 | D:4      | Reached skill level 5 in Shields
  2858 | D:4      | Reached XP level 7. HP: 66/66 MP: 6/6
  3129 | D:4      | Found a blossoming altar of Fedhas.
  3278 | D:5      | Entered Level 5 of the Dungeon
  3324 | D:5      | Found a staircase to the Ecumenical Temple.
  3331 | D:5      | Reached skill level 5 in Throwing
  3334 | Temple   | Entered the Ecumenical Temple
  3408 | Temple   | Became a worshipper of Gozag Ym Sagoz the Greedy
  3450 | Temple   | Quit the game

Illustrated notes

Levels and vault maps discovered:
D:1:      wheals_arrival_shading, layout_basic
D:2:      layout_loops_ring
D:3:      layout_basic, lemuel_round_altar, gammafunk_temple_overflow_claw,
          minivault_4
D:4:      layout_loops_ring, nicolae_overflow_crystal_walls,
          nicolae_xom_altar_mimics, fedhas_altar_fruit_tree
D:5:      layout_loops_corners, nicolae_tso_besieged_by_evil,
          makhleb_blood_cavern_becter, minmay_temple_entry_sparse_star
Temple:   nicolae_temple_figure_zero

Skill      XL: |  1  2  3  4  5  6  7 |
---------------+----------------------+-----
Shields        | 3 4 5 |  5.7
Unarmed Combat | 3 |  3.0
Throwing       | 1 2 3 4 5 |  5.0
Fighting       | |  2.4
Dodging        | |  2.4

Action                   |  1- 3 |  4- 6 |  7- 9 || total
-------------------------+-------+-------+-------++-------
Melee: Unarmed           |   105 |    98 |    31 ||   234
Throw: Stone             |     8 |    24 |       ||    32
  Use: Scroll            |       |     7 |       ||     7
 Stab: Sleeping          |     1 |       |     1 ||     2
Armor: Robe              |    37 |    15 |     6 ||    58
Dodge: Dodged            |    27 |    25 |     7 ||    59
Block: Kite shield       |    46 |    39 |    20 ||   105
       Reflection        |       |       |     2 ||     2

Table legend: (Time is in decaauts)
 A = Elapsed time spent in this place.
 B = Non-inter-level travel time spent in this place.
 C = Inter-level travel time spent in this place.
 D = Time resting spent in this place.
 E = Time spent auto-exploring this place.
 F = Levels seen in this place.
 G = Mean time per level.
                   A        B        C        D        E       F      G
               +--------+--------+--------+--------+--------+-----+--------+
         Total |   3460 |   3210 |    250 |    142 |   2440 |   6 |  576.7 |
       Dungeon |   3344 |   3094 |    250 |    142 |   2363 |   5 |  668.8 |
        Temple |    115 |    115 |      0 |      0 |     77 |   1 |  115.0 |
               +--------+--------+--------+--------+--------+-----+--------+

Top non-repeatable levels by time:
     D:3: 1043 daAuts
     D:4: 895 daAuts
     D:2: 675 daAuts
     D:1: 673 daAuts
  Temple: 115 daAuts
     D:5: 55 daAuts
